 Dungeon Crawl Stone Soup version 0.21-a0-498-g1b60429 (webtiles) character file.

411 Megalobster the Conjurer (level 6, -3/34 HPs)
             Began as a Deep Elf Conjurer on Nov 24, 2017.
             Slain by a phantom (7 damage)
             ... on level 4 of the Dungeon.
             The game lasted 00:16:26 (4528 turns).

Megalobster the Conjurer (Deep Elf Conjurer)        Turns: 4528, Time: 00:16:27

Health: -3/34      AC:  4    Str:  6    XL:     6   Next: 58%
Magic:  1/16       EV: 14    Int: 21    God:
Gold:   145        SH:  0    Dex: 15    Spells: 1/15 levels left

rFire    + . .     SeeInvis .   m - -2 dagger (curse)
rCold    . . .     Gourm    .   (no shield)
rNeg     . . .     Faith    .   a - +0 robe
rPois    .         Spirit   .   f - +0 helmet
rElec    .         Reflect  .   (no cloak)
rCorr    .         Harm     .   t - +0 pair of gloves
MR       .....                  (no boots)
Stlth    +++.......             (no amulet)
HPRegen  0.11/turn              l - ring of protection from fire
MPRegen  0.15/turn              (no ring)

@: no status effects
A: no striking features
a: no special abilities


You were on level 4 of the Dungeon.
You were not hungry.

You visited 1 branch of the dungeon, and saw 4 of its levels.

You collected 145 gold pieces.

Inventory:

Hand Weapons
 m - a cursed -2 dagger (weapon)
 w - a +0 dagger
 A - a +2 long sword of holy wrath
Armour
 a - a +0 robe (worn)
 f - a +0 helmet (worn)
 t - a +0 pair of gloves (worn)
Jewellery
 l - a ring of protection from fire (left hand)
Scrolls
 e - 2 scrolls of magic mapping {unknown}
 g - 2 scrolls of identify {unknown}
 n - 3 scrolls of amnesia {unknown}
 p - 2 scrolls of immolation {unknown}
 s - a scroll of fear {unknown}
 x - a scroll of noise {unknown}
 y - 3 scrolls of teleportation {unknown}
Potions
 d - a potion of ambrosia {unknown}
 h - a potion of mutation {unknown}
 i - a potion of flight {unknown}
 j - 4 potions of brilliance {unknown}
 o - 3 potions of heal wounds {unknown}
 r - a potion of berserk rage {unknown}
 u - a potion of curing
 z - a potion of lignification {unknown}
Books
 b - a book of Conjurations

   Spells                             Type                      Level
   a - Magic Dart                     Conjuration                  1
   b - Searing Ray                    Conjuration                  2
   c - Dazzling Spray                 Conjuration/Hexes            3
   d - Fulminant Prism                Conjuration/Hexes            4
   e - Force Lance                    Conjuration/Translocation    4
   f - Iskenderun's Mystic Blast      Conjuration                  4
 v - a book of Cantrips

   Spells                             Type                      Level
   a - Confusing Touch                Hexes                        1
   b - Animate Skeleton               Necromancy                   1
   c - Summon Small Mammal            Summoning                    1
   d - Apportation                    Translocation                1
Comestibles
 c - a bread ration
 k - a meat ration


   Skills:
 + Level 1.6 Fighting
 + Level 4.1 Dodging
 - Level 3.6 Stealth
 * Level 5.3 Spellcasting
 * Level 6.1 Conjurations
 * Level 1.2 Hexes


You had one spell level left.
You knew the following spells:

 Your Spells              Type           Power        Failure   Level  Hunger
a - Magic Dart            Conj           ####         1%          1    None
b - Searing Ray           Conj           ####..       1%          2    None
c - Dazzling Spray        Conj/Hex       ###...       7%          3    ##.....
d - Iskenderun's Mystic   Conj           ####....     9%          4    ####...
e - Force Lance           Conj/Tloc      ###.....     28%         4    ####...


Dungeon Overview and Level Annotations

Branches:
Dungeon (4/15)
 Temple: D:4-7

Altars:
Cheibriados
Dithmenos
Hepliaklqana
Nemelex Xobeh
Okawaru
Qazlal
Sif Muna
Trog
Zin

Annotations:
D:4 Daviar's ghost, amateur MfSk


Message History

The orb of energy misses the phantom.
The phantom barely misses you.
Casting: Iskenderun's Mystic Blast
Confirm with . or Enter, or press ? or * to list all spells.
Aiming: Magic Dart
Press: ? - help, Shift-Dir - straight line, f/p - phantom
Aim: a phantom (severely damaged)
The magic dart hits the phantom.
The phantom is severely damaged.
The phantom hits you!
You hit the phantom but do no damage.
The phantom is severely damaged.
The phantom hits you!
* * * LOW HITPOINT WARNING * * *
You barely miss the phantom.
The phantom is severely damaged.
The phantom barely misses you.
You completely miss the phantom.
The phantom is severely damaged.
The phantom hits you!
You die...

#####......).....# #.........#
########.....# ###.......# #
#.....# #.......# # ###.###
###...### ## # ######.## #...#
##. #######.......# #[..####.W
#.....#.####..# ######.........
#.....#.####..###..............
#..#..........@................
#....)#.##...W###..............
#.....#.......######.#.........
#########......# #.#....###..
#..#.#.# #.#....####. #..#.#.#
#.......# . #...<#.# #.......#
#..###.# ##......# #......##
##....##


You could see a phantom.

Vanquished Creatures
  An ogre (D:4)
  3 hounds (D:4)
  An orc priest (D:4)
  A bullfrog skeleton (D:4)
  Terence (D:3)
  An iguana (D:4)
  2 adders (D:2)
  2 river rats (D:3)
  2 oozes
  3 worms
  A dart slug (D:2)
  2 leopard geckos
  10 orcs (D:4)
  2 ball pythons
  3 giant cockroaches
  10 goblins
  4 hobgoblins
  4 jackals (D:3)
  3 kobolds
  A quokka (D:2)
  6 bats
  3 frilled lizards
  A leopard gecko skeleton (D:3)
  8 rats
75 creatures vanquished.

Notes
Turn   | Place    | Note
-------+----------+-------------------------------------------
     0 | D:1      | Megalobster the Deep Elf Conjurer began the quest for the Orb.
     0 | D:1      | Reached XP level 1. HP: 10/10 MP: 6/6
   233 | D:1      | Reached XP level 2. HP: 15/15 MP: 6/8
   237 | D:1      | Learned a level 2 spell: Searing Ray
   314 | D:1      | Found a sparkling altar of Nemelex Xobeh.
   987 | D:2      | Reached XP level 3. HP: 19/19 MP: 7/9
  1023 | D:2      | Found a bloodstained altar of Trog.
  1026 | D:2      | Found a sparkling altar of Nemelex Xobeh.
  1079 | D:2      | Found a shadowy altar of Dithmenos.
  1104 | D:2      | Found a glowing silver altar of Zin.
  1622 | D:2      | Learned a level 3 spell: Dazzling Spray
  1876 | D:2      | Reached skill level 5 in Conjurations
  2150 | D:3      | Found a stormy altar of Qazlal.
  2270 | D:3      | Reached XP level 4. HP: 24/24 MP: 8/11
  2324 | D:3      | Learned a level 4 spell: Iskenderun's Mystic Blast
  2348 | D:3      | Found a hazy altar of Hepliaklqana.
  2506 | D:3      | Found a snail-covered altar of Cheibriados.
  2529 | D:3      | Noticed Terence
  2541 | D:3      | Killed Terence
  2709 | D:3      | Found a deep blue altar of Sif Muna.
  3226 | D:4      | Reached XP level 5. HP: 28/28 MP: 11/13
  3332 | D:4      | Reached skill level 1 in Fighting
  3714 | D:4      | Found an iron altar of Okawaru.
  3826 | D:4      | Noticed Daviar's ghost (amateur MfSk)
  4143 | D:4      | Reached XP level 6. HP: 34/34 MP: 11/15
  4235 | D:4      | Reached skill level 5 in Spellcasting
  4307 | D:4      | Reached skill level 6 in Conjurations
  4313 | D:4      | Learned a level 4 spell: Force Lance
  4351 | D:4      | Reached skill level 1 in Hexes
  4528 | D:4      | Slain by a phantom

Vault maps used:
D:1:      enne_arrival_octagon_isle, nemelex_diamond_rough_becter
D:2:      grunt_temple_overflow_cloverleaf, first_bread
D:3:      lemuel_blue_sif_altar, old_standard_altar, cheibriados_altar_1,
          portal_sewer_entry_b, hangedman_feature_mirror,
          grunt_qazlal_sundering, uniq_terence
D:4:      okawaru_metal_pillars_3

Skill      XL: |  1  2  3  4  5  6 |
---------------+-------------------+-----
Stealth        | 3 |  3.6
Dodging        | 3 4 |  4.1
Conjurations   | 5 6 |  6.1
Spellcasting   | 4 5 |  5.3
Fighting       | 1 |  1.6
Hexes          | 1 |  1.2

Action                   |  1- 3 |  4- 6 || total
-------------------------+-------+-------++-------
Melee: Unarmed           |     5 |       ||     5
       Dagger            |       |     3 ||     3
 Cast: Magic Dart        |    52 |    58 ||   110
       Searing Ray       |    11 |    25 ||    36
       Iskenderun's Myst |       |     2 ||     2
  Eat: Chunk             |     4 |     5 ||     9
       Royal jelly       |       |     1 ||     1
       Bread ration      |       |     1 ||     1
Armor: Robe              |     2 |     7 ||     9
Dodge: Dodged            |     6 |    27 ||    33

Table legend:
 A = Spawn XP
 B = Non-spawn XP
 C = Spawn XP percentage of total XP
 D = Spawn monster count
 E = Non-spawn monster count
 F = Spawn count percentage of total count
 G = Total turns spent on level
                    A         B        C        D         E        F      G
               +---------+---------+-------+---------+---------+-------+---------
         Total |       0 |     588 |   0.0 |       0 |      75 |   0.0 |  4528
               +---------+---------+-------+---------+---------+-------+---------
           D:1 |       0 |      27 |   0.0 |       0 |      13 |   0.0 |   894
           D:2 |       0 |      65 |   0.0 |       0 |      19 |   0.0 |  1125
           D:3 |       0 |     101 |   0.0 |       0 |      24 |   0.0 |  1478
           D:4 |       0 |     395 |   0.0 |       0 |      19 |   0.0 |  1031
               +---------+---------+-------+---------+---------+-------+---------
